 Dungeon Crawl Stone Soup version 0.20.1-1-g8b1a95d (webtiles) character file.

1822 poxvuibr the Thaumaturge (level 8, -6/41 HPs)
             Began as a Deep Elf Wizard on Sept 3, 2017.
             Engulfed by a cloud of flame (22 damage)
             ... on level 7 of the Dungeon.
             The game lasted 00:48:45 (8694 turns).

poxvuibr the Thaumaturge (Deep Elf Wizard)          Turns: 8694, Time: 00:48:46

Health: -6/41      AC:  8    Str:  4    XL:     8   Next: 85%
Magic:  10/31      EV: 13    Int: 26    God:
Gold:   287        SH:  0    Dex: 13    Spells: 20/24 levels left

rFire    . . .     SeeInvis .   W - +0 shortbow
rCold    . . .     Gourm    .   (shield currently unavailable)
rNeg     . . .     Faith    .   M - -1 robe (curse)
rPois    .         Spirit   .   A - +1 helmet
rElec    .         Reflect  .   (no cloak)
rCorr    .         Harm     .   e - +2 pair of gloves
MR       .....                  q - +1 pair of boots
Stlth    ++........             h - amulet of rage
Regen    0.2/turn               i - ring of magical power
MPRegen  0.3/turn               (no ring)

@: no status effects
A: no striking features
a: Evoke Berserk Rage


You were on level 7 of the Dungeon.
You were not hungry.

You visited 1 branch of the dungeon, and saw 7 of its levels.

You collected 287 gold pieces.

Inventory:

Hand Weapons
 f - a +0 spear
 v - a +0 dagger
 z - a -1 dagger
 N - a +0 rapier
 R - a +0 trident of venom
 S - a +4 dagger
 V - a +0 rapier
 W - a +0 shortbow (weapon)
Missiles
 X - 15 arrows (quivered)
Armour
 a - a +0 robe
 b - a +0 hat
 e - a +2 pair of gloves (worn)
 q - a +1 pair of boots (worn)
 A - a +1 helmet (worn)
 M - a cursed -1 robe (worn)
Jewellery
 h - an amulet of rage (around neck)
 i - a ring of magical power (left hand)
 E - an uncursed ring of teleportation
Wands
 C - a wand of digging (12/24)
 K - a wand of iceblast (2/15)
 O - a wand of digging (11/24)
 Q - a wand of iceblast (5/15)
 U - a wand of iceblast (2/15)
Scrolls
 g - a scroll of blinking {unknown}
 m - 3 scrolls of enchant weapon
 r - 2 scrolls of amnesia
 u - 2 scrolls of enchant armour
 y - 2 scrolls of immolation
 B - a scroll of remove curse
 I - a scroll of magic mapping {unknown}
 J - a scroll of fog {unknown}
 P - a scroll of brand weapon {unknown}
Potions
 k - 2 potions of lignification {unknown}
 n - 2 potions of brilliance
 o - a potion of invisibility {unknown}
 p - a potion of flight {unknown}
 s - 2 potions of curing
 t - a potion of resistance {unknown}
 x - 2 potions of ambrosia
 D - a potion of mutation {unknown}
 G - 2 potions of degeneration
 H - a potion of haste {unknown}
 L - a potion of berserk rage {unknown}
Books
 c - a book of Minor Magic

   Spells                             Type                      Level
   a - Magic Dart                     Conjuration                  1
   b - Blink                          Translocation                2
   c - Call Imp                       Summoning                    2
   d - Slow                           Hexes                        2
   e - Conjure Flame                  Conjuration/Fire             3
   f - Mephitic Cloud                 Conjuration/Poison/Air       3
 F - a book of Maledictions

   Spells                             Type                      Level
   a - Corona                         Hexes                        1
   b - Ensorcelled Hibernation        Hexes/Ice                    2
   c - Confuse                        Hexes                        3
   d - Tukima's Dance                 Hexes                        3
   e - Dazzling Spray                 Conjuration/Hexes            3
Comestibles
 d - 3 bread rations
 j - 3 fruits
 w - 5 royal jellies


   Skills:
 - Level 2.4 Dodging
 - Level 2.4 Stealth
 + Level 8.9 Spellcasting
 + Level 6.5 Conjurations
   Level 1.1 Summonings
   Level 1.1 Translocations
 * Level 8.5 Fire Magic


You had 20 spell levels left.
You knew the following spells:

 Your Spells              Type           Power        Failure   Level  Hunger
b - Conjure Flame         Conj/Fire      ######..     1%          3    None
z - Magic Dart            Conj           ####         1%          1    None


Dungeon Overview and Level Annotations

Branches:
Dungeon (7/15)
 Temple: D:4-7

Altars:

Shops:
D:5 :


Message History

Aim: an orc warrior, wielding a mace and wearing a chain mail The magic dart hits the orc warrior.
The orc warrior is lightly wounded.
The sentinel's mark upon you fades away.
Casting: Magic Dart
Confirm with . or Enter, or press ? or * to list all spells.
Aiming: Magic Dart
Press: ? - help, Shift-Dir - straight line, f/p - orc warrior
Aim: an orc warrior, wielding a mace and wearing a chain mail (lightly wounded)
The magic dart hits the orc warrior.
The orc warrior is moderately wounded.
The phantom blinks!
The orc wizard points at you and mumbles some strange words.
The magic dart hits you!
Really walk into that cloud of flame?
You are engulfed in blazing flames.
Items here: ! ( )) [ † You are engulfed in blazing flames.
Ouch! That really hurt!
You die...

######## #......# #...##.###
######### # .###...#....#
#.......# . ..!.......<.###
#.......# ..
.........##÷..#####W......# ..
.............†@§(.§oo.....+ ...
.............(#####o......##...
...............######..........
...............'....'..§.......
...............######......(...
...............# #######....
...............# ....
..######.......# .... #.......#
....


You could see a phantom, an orc warrior, an orc wizard and an orc.

Vanquished Creatures
  Joseph (D:7)
  A hippogriff (D:7)
  A hungry ghost (D:6)
  Menkaure (D:7)
  2 ice beasts (D:6)
  An ogre (D:5)
  A centaur (D:5)
  Blork the orc (D:5)
  2 bullfrogs (D:6)
  3 howler monkeys
  A crimson imp (D:5)
  A bullfrog skeleton (D:4)
  2 hounds
  An orc wizard (D:6)
  Jessica (D:3)
  2 worker ants
  A hound skeleton (D:4)
  9 adders
  An adder skeleton (D:4)
  A worm (D:2)
  3 dart slugs
  2 leopard geckos
  6 orcs
  2 ball pythons (D:1)
  7 bats
  3 giant cockroaches
  8 hobgoblins
  11 jackals
  A quokka (D:2)
  7 frilled lizards
  10 goblins
  3 kobolds
  2 leopard gecko skeletons
  A quokka zombie (D:6)
  5 rats
105 creatures vanquished.

Notes
Turn   | Place    | Note
-------+----------+-------------------------------------------
     0 | D:1      | poxvuibr the Deep Elf Wizard began the quest for the Orb.
     0 | D:1      | Reached XP level 1. HP: 10/10 MP: 7/7
   293 | D:1      | Reached XP level 2. HP: 15/15 MP: 5/9
   618 | D:1      | Reached skill level 5 in Spellcasting
   829 | D:1      | Reached XP level 3. HP: 19/19 MP: 6/11
   872 | D:1      | Learned a level 3 spell: Conjure Flame
  1654 | D:2      | Reached skill level 1 in Fire Magic
  2194 | D:3      | Reached XP level 4. HP: 24/24 MP: 3/13
  2401 | D:3      | Noticed Jessica
  2743 | D:3      | Killed Jessica
  2942 | D:3      | Reached XP level 5. HP: 28/28 MP: 6/15
  5448 | D:5      | Entered Level 5 of the Dungeon
  5484 | D:5      | Noticed a centaur
  5649 | D:5      | Reached XP level 6. HP: 32/32 MP: 9/17
  5799 | D:5      | Noticed Blork the orc
  5815 | D:5      | Killed Blork the orc
  6141 | D:5      | Found Duofoval's Book Shop.
  6967 | D:6      | Noticed an ice beast
  6992 | D:6      | Killed an ice beast
  6992 | D:6      | Reached skill level 5 in Fire Magic
  6992 | D:6      | Reached XP level 7. HP: 36/36 MP: 7/19
  7345 | D:7      | Noticed a hippogriff
  7349 | D:7      | Killed a hippogriff
  7349 | D:7      | Reached skill level 5 in Conjurations
  7779 | D:5      | Reached XP level 8. HP: 41/41 MP: 21/21
  8536 | D:7      | Noticed Menkaure
  8552 | D:7      | Killed Menkaure
  8672 | D:7      | Noticed Joseph
  8680 | D:7      | Killed Joseph
  8694 | D:7      | Engulfed by a cloud of flame

Skill      XL: |  1  2  3  4  5  6  7  8 |
---------------+-------------------------+-----
Conjurations   | 2 3 4 5 6 |  6.5
Spellcasting   | 5 6 7 8 |  8.9
Fire Magic     | 1 2 3 5 6 8 |  8.5
Dodging        | |  2.4
Stealth        | |  2.4
Summonings     | |  1.1
Translocations | |  1.1

Action                   |  1- 3 |  4- 6 |  7- 9 || total
-------------------------+-------+-------+-------++-------
Melee: Unarmed           |     2 |       |       ||     2
       Spear             |     1 |       |       ||     1
       Trident           |       |       |    33 ||    33
 Fire: Shortbow          |       |       |    13 ||    13
 Cast: Magic Dart        |   101 |   138 |    63 ||   302
       Conjure Flame     |     2 |    28 |    21 ||    51
Evoke: Wand              |       |     2 |     5 ||     7
  Use: Scroll            |       |     8 |     1 ||     9
 Stab: Distracted        |       |       |     1 ||     1
  Eat: Chunk             |     3 |     7 |     3 ||    13
       Meat ration       |       |     2 |       ||     2
       Fruit             |       |       |     1 ||     1
Armor: Robe              |     3 |     2 |     5 ||    10
Dodge: Dodged            |    13 |     8 |    35 ||    56
